 Dungeon Crawl Stone Soup version 0.28.0-45-g0d030f2227 (webtiles) character file.

Game seed: 16785076437887848790

84 protoss039 the Digger (level 4, 0/33 HPs)
             Began as a Demonspawn Earth Elementalist on May 28, 2022.
             Succumbed to an adder's poison
             ... on level 2 of the Dungeon.
             The game lasted 00:02:36 (2110 turns).

protoss039 the Digger (DsEE)                        Turns: 2110, Time: 00:02:36

Health: 0/33       AC:  2    Str:  8    XL:     4   Next: 24%
Magic:  7/7        EV: 12    Int: 18    God:
Gold:   58         SH:  0    Dex: 14    Spells: 5/8 levels left

rFire   + . .      SeeInvis .   a - +0 dagger
rCold   + . .      Faith    .   (no shield)
rNeg    . . .      Spirit   .   b - +0 robe
rPois   +          Reflect  .   (no helmet)
rElec   +          Harm     .   (no cloak)
rCorr   +          Rampage  .   (no gloves)
Will    .....                   (no boots)
Stlth   +.........              (no amulet)
HPRegen 0.11/turn               (no ring)
MPRegen 0.20/turn               (no ring)

@: lethally poisoned (0 -> -3), silenced, resistant, hasted, very quick
A: foul stench 1, magic regeneration
a: no special abilities


You were on level 2 of the Dungeon.
You visited 1 branch of the dungeon, and saw 2 of its levels.

You collected 58 gold pieces.

Inventory:

Hand Weapons
 a - a +0 dagger (weapon)
Armour
 b - a +0 robe (worn)
Scrolls
 f - a scroll of acquirement {unknown}
 g - a scroll of brand weapon {unknown}
 i - a scroll of enchant armour {unknown}
 j - a scroll of identify {unknown}


   Skills:
 * Level 2.3 Fighting
 + Level 1.3 Armour
 - Level 1.7 Dodging
 - Level 1.7 Stealth
 + Level 2.5 Spellcasting
 - Level 1.0 Transmutations
 + Level 3.1 Earth Magic


You had 5 spell levels left.
You knew the following spells:

 Your Spells              Type           Power      Damage    Failure   Level
a - Sandblast             Erth           26%        2d8       4%          1
b - Passwall              Tmut/Erth      7%         N/A       11%         2

Your spell library contained the following spells:

 Spells                   Type           Power      Damage    Failure   Level
 Stone Arrow              Conj/Erth      16%        3d8       26%         3
 Call Canine Familiar     Summ           2%         N/A       45%         3
 Portal Projectile        Hex/Tloc       4%         N/A       45%         3
 Petrify                  Tmut/Erth      9%         N/A       58%         4
 Leda's Liquefaction      Hex/Erth       4%         N/A       65%         4


Dungeon Overview and Level Annotations

Branches:
Dungeon (2/15)

Altars:


Innate Abilities, Weirdness & Mutations

You may rarely emit foul miasma when damaged in melee.
You regenerate magic rapidly.


Message History

Unknown command.
You hit the adder.
The adder is moderately wounded.
The adder bites you.
* * * LOW HITPOINT WARNING * * *
You are lethally poisoned!
The adder poisons you!
Unknown command.
Unknown command.
Unknown command.
You hit the adder.
The adder is severely wounded.
* * * LOW HITPOINT WARNING * * *
You feel sick. The adder bites you but does no damage.
Unknown command.
Unknown command.
You aren't carrying any potions.
Magic scrolls do not work when you're silenced!
Unknown command.
Unknown command.
Hit: a) +0 dagger
Press: ? - help, Dir - move target, f - adder
Aim: an adder (silenced, severely wounded, about 52% to evade your +0 dagger)
Okay, then.
You miss the adder.
The adder is severely wounded.
* * * LOW HITPOINT WARNING * * *
You feel sick. The adder bites you.
* * * LOW HITPOINT WARNING * * *
Unknown command.
Unknown command.
You hit the adder.
The adder is almost dead.
* * * LOW HITPOINT WARNING * * *
You feel sick. The adder barely misses you.
Unknown command.
Unknown command.
You hit the adder but do no damage.
The adder is almost dead.
You die...

##.# #### ... ..##
.######..##
...#......######
##.#...........#
##.#.##.#.####.###
##.....###.......#
.##...#.#.####.#.#
.........# #.#@#
.##...##.#####.#S##
####.###........o.#
#.. ....[..#..#
#### .######..# .
.# #..# . #..# #..#
#..#


You could see an adder and an orc.

Vanquished Creatures
  4 adders (D:2)
  2 worms (D:2)
  3 ball pythons
  6 endoplasms
  A giant cockroach (D:2)
  2 goblins
  4 hobgoblins
  7 jackals
  3 bats
  3 frilled lizards (D:2)
  2 kobolds (D:1)
  2 rats
39 creatures vanquished.

Notes
Turn   | Place    | Note
-------+----------+-------------------------------------------
     0 | D:1      | protoss039 the Demonspawn Earth Elementalist began the
                  | quest for the Orb.
     0 | D:1      | Reached XP level 1. HP: 13/13 MP: 3/3
    39 | D:1      | Reached skill level 1 in Transmutations
   440 | D:1      | Gained mutation: You may rarely emit foul miasma when
                  | damaged in melee. [demonic ancestry]
   440 | D:1      | Reached XP level 2. HP: 15/20 MP: 0/5
   459 | D:1      | Reached skill level 1 in Fighting
  1393 | D:1      | Learned a level 2 spell: Passwall
  1522 | D:2      | Gained mutation: You regenerate magic rapidly. [demonic
                  | ancestry]
  1522 | D:2      | Reached XP level 3. HP: 13/26 MP: 3/6
  1697 | D:2      | Reached skill level 1 in Armour
  1697 | D:2      | Reached skill level 3 in Earth Magic
  1882 | D:2      | Reached XP level 4. HP: 33/33 MP: 4/7
  2109 | D:2      | HP: 1/33 [poisoned by an adder]
  2110 | D:2      | Succumbed to an adder's poison

Illustrated notes

Levels and vault maps discovered:
D:1:      amcnicky_arrival_gap_in_the_tavern_cellar, layout_rooms
D:2:      layout_loops_ring

Skill      XL: |  1  2  3 |
---------------+----------+-----
Transmutations | 1 |  1.0
Fighting       | 1 2 |  2.3
Armour         | 1 |  1.3
Earth Magic    | 3 |  3.1
Dodging        | |  1.7
Stealth        | |  1.7
Spellcasting   | |  2.5

Action                   |  1- 3 |  4- 6 || total
-------------------------+-------+-------++-------
Melee: Dagger            |    62 |    13 ||    75
       Unarmed           |     1 |       ||     1
 Cast: Sandblast         |    40 |     9 ||    49
  Use: Potion            |       |     2 ||     2
       Scroll            |       |     1 ||     1
Armor: Robe              |    13 |     2 ||    15
Dodge: Dodged            |    51 |    12 ||    63
